 Dungeon Crawl Stone Soup version 0.24.0-37-gcf1ca852f1 (webtiles) character file.

Game seed: 5736589530654902133, levelgen mode: deterministic

1187 Gruesph the Magician (level 8, -2/41 HPs)
             Began as a Deep Elf Fire Elementalist on Nov 27, 2019.
             Was a Follower of Sif Muna.
             Slain by a sky beast (6 damage)
             ... on level 6 of the Dungeon.
             The game lasted 00:29:45 (8412 turns).

Gruesph the Magician (Deep Elf Fire Elementalist)   Turns: 8412, Time: 00:29:45

Health: -2/41      AC:  9    Str: 10    XL:     8   Next: 19%
Magic:  0/21       EV: 12    Int: 23    God:    Sif Muna [*.....]
Gold:   299        SH:  0    Dex: 15    Spells: 8/22 levels left

rFire    . . .     SeeInvis .   b - +0 hunting sling (freeze)
rCold    . . .     Gourm    .   (no shield)
rNeg     + . .     Faith    .   v - +0 leather armour
rPois    .         Spirit   .   (no helmet)
rElec    .         Reflect  .   (no cloak)
rCorr    .         Harm     .   l - +1 pair of gloves
MR       .....                  (no boots)
Stlth    ++........             (no amulet)
HPRegen  0.13/turn              w - +4 ring of protection
MPRegen  0.17/turn              u - ring of positive energy

@: mighty
A: no striking features
a: Channel Magic, Renounce Religion


You were on level 6 of the Dungeon.
You worshipped Sif Muna.
Sif Muna was aware of your devotion.
You were very hungry.

You visited 2 branches of the dungeon, and saw 7 of its levels.

You collected 299 gold pieces.

Inventory:

Hand Weapons
 a - a +1 dagger
 b - a +0 hunting sling of freezing (weapon)
Missiles
 q - 190 stones (quivered)
Armour
 l - a +1 pair of gloves (worn)
 s - a +0 buckler
 v - a +0 leather armour (worn)
Jewellery
 g - the amulet of Darkness {Reflect rPois Int+4 SH+3, unknown}
   (You found it on level 5 of the Dungeon)

   [amulet of reflection]

   It shields you and reflects attacks.
   It affects your intelligence (+4).
   It protects you from poison.
   It affects your SH (+3).
 t - an uncursed ring of flight
 u - a ring of positive energy (right hand)
 w - a +4 ring of protection (left hand)
 y - an uncursed ring of positive energy
Wands
 n - a wand of acid (13)
 x - a wand of random effects (23)
Scrolls
 c - a scroll of fear
 i - a scroll of enchant weapon
 o - a scroll of teleportation
 r - 8 scrolls of remove curse
 z - a scroll of magic mapping {unknown}
Potions
 d - a potion of resistance
 e - a potion of might
 h - a potion of agility {unknown}
 k - a potion of flight {unknown}
 m - 2 potions of curing {unknown}
 p - a potion of invisibility {unknown}
Comestibles
 f - 13 rations


   Skills:
 - Level 2.4 Dodging
 - Level 2.4 Stealth
 + Level 7.9 Spellcasting
 + Level 6.1 Conjurations
 + Level 7.0 Fire Magic


You had 8 spell levels left.
You knew the following spells:

 Your Spells              Type           Power        Failure   Level  Hunger
a - Throw Flame           Conj/Fire      #####.       1%          2    None
b - Conjure Flame         Conj/Fire      #####...     1%          3    None
c - Sticky Flame          Conj/Fire      #####...     6%          4    ###....
d - Fireball              Conj/Fire      #####.....   17%         5    #####..

Your spell library contained the following spells:

 Spells                   Type           Power        Failure   Level  Hunger
 Flame Tongue             Conj/Fire      #####        1%          1    None
 Inner Flame              Hex/Fire       ####....     7%          3    None


Dungeon Overview and Level Annotations

Branches:
Dungeon (6/15)             Temple (1/1) D:6

Altars:
Ashenzari
Cheibriados
Dithmenos
Elyvilon
Fedhas
Gozag
Hepliaklqana
Kikubaaqudgha
Makhleb
Nemelex Xobeh
Okawaru
Qazlal
Ru
Sif Muna
Trog
Uskayaw
Vehumet
Xom
Yredelemnul
The Shining One


Message History

The sky beast is severely wounded.
The sky beast hits you but does no damage.
Firing (i - inventory)
q - 191 stones (quivered)
Press: ? - help, Shift-Dir - straight line, f/p - sky beast
Aim: a sky beast (severely wounded)
You shoot a stone. The stone closely misses the sky beast.
The sky beast barely misses you. x2
Firing (i - inventory)
q - 190 stones (quivered)
Press: ? - help, Shift-Dir - straight line, f/p - sky beast
Aim: a sky beast (severely wounded)
Okay, then.
Casting: Throw Flame (safe; 1% risk of failure)
Confirm with . or Enter, or press ? or * to list all spells.
Aiming: Throw Flame (safe; 1% risk of failure)
Press: ? - help, Shift-Dir - straight line, f/p - sky beast
Aim: a sky beast (severely wounded)
The puff of flame misses the sky beast.
The sky beast hits you.
* * * LOW HITPOINT WARNING * * *
The sky beast shocks you.
You die...

#..........#..################
#..........#.## ..<
#..........#.##..
#..........#...
#..........#.##
#.............#
#.........##(.#
#.........##..#
#.........##.@# ......^..###Y#
........###.####
..........(>.)# .....#####(#
.... .. ... ... .. ... . ..


You could see a sky beast.

Vanquished Creatures
  An ice beast (D:6)
  An orc warrior (D:5)
  An ogre (D:6)
  A centaur (D:6)
  4 bullfrogs (D:6)
  2 howler monkeys (D:4)
  3 hounds
  2 orc priests (D:6)
  A jelly (D:5)
  An iguana (D:6)
  2 orc wizards
  9 adders
  4 gnolls (D:6)
  2 howler monkey skeletons (D:4)
  A shadow imp (D:5)
  An ooze (D:6)
  2 dart slugs (D:2)
  3 leopard geckos
  6 orcs
  8 bats
  2 giant cockroaches (D:6)
  7 goblins
  2 hobgoblins (D:1)
  11 jackals
  3 quokkas
  3 ball pythons
  A ball python skeleton (D:4)
  A frilled lizard (D:1)
  A giant cockroach zombie (D:5)
  8 kobolds
  A leopard gecko skeleton (D:6)
  A leopard gecko zombie (D:5)
  A quokka skeleton (D:5)
  9 rats
106 creatures vanquished.

Notes
Turn   | Place    | Note
-------+----------+-------------------------------------------
     0 | D:1      | Gruesph the Deep Elf Fire Elementalist began the quest for
                  | the Orb.
     0 | D:1      | Reached XP level 1. HP: 10/10 MP: 6/6
   282 | D:1      | Reached XP level 2. HP: 15/15 MP: 6/8
  1484 | D:2      | Reached XP level 3. HP: 12/19 MP: 0/10
  1639 | D:2      | Learned a level 3 spell: Conjure Flame
  1905 | D:2      | Found a shimmering blue altar of Sif Muna.
  1926 | D:2      | Became a worshipper of Sif Muna the Loreminder
  2611 | D:3      | Reached XP level 4. HP: 24/24 MP: 6/12
  2620 | D:3      | Learned a level 4 spell: Sticky Flame
  2786 | D:3      | Found a shadowy altar of Dithmenos.
  3999 | D:3      | Learned a level 2 spell: Throw Flame
  4003 | D:4      | Reached XP level 5. HP: 28/28 MP: 7/14
  4209 | D:4      | Reached * piety under Sif Muna
  4209 | D:4      | Reached skill level 5 in Spellcasting
  4258 | D:4      | Reached skill level 5 in Fire Magic
  4466 | D:4      | Reached XP level 6. HP: 32/32 MP: 11/16
  4585 | D:4      | Found a glowing golden altar of the Shining One.
  4704 | D:4      | Found an ancient bone altar of Kikubaaqudgha.
  5010 | D:4      | Found a sacrificial altar of Ru.
  5034 | D:5      | Entered Level 5 of the Dungeon
  5080 | D:5      | Got a pitted iron amulet
  6475 | D:5      | Found a shattered altar of Ashenzari.
  6758 | D:5      | Learned a level 5 spell: Fireball
  7074 | D:6      | Noticed an orc warrior
  7202 | D:5      | Killed an orc warrior
  7202 | D:5      | Reached XP level 7. HP: 18/36 MP: 2/18
  7418 | D:6      | Found a staircase to the Ecumenical Temple.
  7427 | Temple   | Entered the Ecumenical Temple
  7515 | D:6      | Reached skill level 5 in Conjurations
  8298 | D:6      | Reached XP level 8. HP: 41/41 MP: 11/21
  8412 | D:6      | Slain by a sky beast

Levels and vault maps discovered:
D:1:      tarquinn_simple_flora_water_f, layout_basic, serial_bayou_lagoon_a
D:2:      layout_basic, lemuel_doored_altar, serial_bayou_crossing
D:3:      layout_basic, nicolae_overflow_crystal_walls, first_ration,
          minmay_circle_x
D:4:      layout_basic, nicolae_ru_path_of_blood, tso_oasis_becter,
          lemuel_crystal_altar
D:5:      layout_layer_cave, kennysheep_mini_moat
D:6:      layout_basic, minmay_temple_entry_stoned_glass
Temple:   zaba_magenta_temple

Skill      XL: |  1  2  3  4  5  6  7  8 |
---------------+-------------------------+-----
Conjurations   | 2 3 4 5 6 |  6.1
Fire Magic     | 4 5 6 7 |  7.0
Spellcasting   | 4 5 6 7 |  7.9
Dodging        | |  2.4
Stealth        | |  2.4

Action                   |  1- 3 |  4- 6 |  7- 9 || total
-------------------------+-------+-------+-------++-------
Melee: Dagger            |       |       |     2 ||     2
 Fire: Hunting sling     |    31 |    79 |    27 ||   137
Throw: Stone             |    18 |       |       ||    18
 Cast: Flame Tongue      |    75 |    20 |       ||    95
       Conjure Flame     |     2 |     4 |     1 ||     7
       Throw Flame       |       |    75 |    50 ||   125
       Sticky Flame      |       |     2 |       ||     2
  Use: Scroll            |       |    14 |     1 ||    15
       Potion            |       |       |     1 ||     1
  Eat: Chunk             |     4 |     8 |     3 ||    15
       Ration            |       |     2 |       ||     2
Armor: Robe              |    10 |       |       ||    10
       Leather armour    |       |     6 |    12 ||    18
Dodge: Dodged            |    29 |    26 |    23 ||    78
